 Dungeon Crawl Stone Soup version 0.27.1-2-g3b301248ec (webtiles) character file.

Game seed: 11730144992834296646

98 CuBeRJAN3 the Magician (level 4, 0/25 HPs)
             Began as a Deep Elf Fire Elementalist on Oct 4, 2021.
             Slain by a hound (4 damage)
             ... on level 4 of the Dungeon.
             The game lasted 00:13:28 (3900 turns).

CuBeRJAN3 the Magician (Deep Elf Fire Elementalist) Turns: 3900, Time: 00:13:29

Health: 0/25       AC:  2    Str:  5    XL:     4   Next: 44%
Magic:  12/12      EV: 12    Int: 21    God:
Gold:   77         SH:  0    Dex: 15    Spells: 1/12 levels left

rFire    . . .     SeeInvis .   o - +2 dagger (venom)
rCold    . . .     Faith    .   (no shield)
rNeg     . . .     Spirit   .   a - +0 robe
rPois    .         Reflect  .   (no helmet)
rElec    .         Harm     .   (no cloak)
rCorr    .         Rampage  .   (no gloves)
Will     .....                  (no boots)
Stlth    ++........             (no amulet)
HPRegen  0.08/turn              (no ring)
MPRegen  0.13/turn              (no ring)

@: no status effects
A: no striking features
a: no special abilities


You were on level 4 of the Dungeon.
You visited 1 branch of the dungeon, and saw 4 of its levels.

You collected 77 gold pieces.

Inventory:

Hand Weapons
 b - a +0 dagger
 o - a +2 dagger of venom (weapon)
Armour
 a - a +0 robe (worn)
Wands
 g - a wand of acid (10)
 q - a wand of digging (5)
Scrolls
 e - a scroll of noise {unknown}
 h - 5 scrolls of identify {unknown}
 j - a scroll of magic mapping {unknown}
 k - a scroll of enchant weapon {unknown}
 l - a scroll of teleportation {unknown}
 m - a scroll of immolation {unknown}
 p - a scroll of fog {unknown}
Potions
 c - a potion of heal wounds {unknown}
 f - 2 potions of ambrosia {unknown}
 i - a potion of cancellation {unknown}
 n - a potion of curing {unknown}
 r - a potion of haste {unknown}


   Skills:
 + Level 1.1 Fighting
 - Level 2.4 Dodging
 + Level 3.2 Stealth
 * Level 4.5 Spellcasting
 + Level 1.9 Conjurations
 + Level 0.0 Hexes
 + Level 3.9 Fire Magic


You had one spell level left.
You knew the following spells:

 Your Spells              Type           Power      Damage    Failure   Level
a - Foxfire               Conj/Fire      68%        2x1d7     3%          1
b - Conjure Flame         Conj/Fire      17%        6-21      10%         3
c - Inner Flame           Hex/Fire       13%        N/A       16%         3
d - Sticky Flame          Conj/Fire      17%        2d4       32%         4

Your spell library contained the following spells:

 Spells                   Type           Power      Damage    Failure   Level
 Apportation              Tloc           8%         N/A       12%         1
 Fireball                 Conj/Fire      8%         3d6       67%         5


Dungeon Overview and Level Annotations

Branches:
Dungeon (4/15)
 Temple: D:4-7

Altars:
Qazlal

Portals:
Abyss: D:3

Annotations:
D:3 2 transporters, 1 exclusion, pzskc383's ghost, amateur GrFi
D:4 Dowan; Duvessa


Message History

The hound bites you. The hound barely misses you. The hound barely misses you.
Casting: Foxfire (safe; 3% risk of failure)
Press: ? - help, Q - select action, (/) - cycle Dir - look around, f - activate You conjure some foxfire!
The hound closely misses you.
The foxfire hits the hound.
The hound is lightly wounded.
The foxfire hits the hound.
The hound is lightly wounded.
The hound bites you. The hound barely misses you.
Found a scroll labelled JEMNO ROPADWAI.
The hound bites you.
Found a stone staircase leading down.
The hound barely misses you. The hound bites you. The hound barely misses you.
There is a stone staircase leading down here.
The hound bites you but does no damage.
Found a club.
The hound bites you.
* * * LOW HITPOINT WARNING * * *
Press: ? - help, v - describe, . - travel The floor.
Blink to where?
Press: ? - help, Dir - move target
Found a stone staircase leading up.
As you read the scroll of blinking, it crumbles to dust.
The hound misses you.
Found a scroll labelled POFFENL EPUYMEUSCH.
Found a scroll labelled JEMNO ROPADWAI.
The hound barely misses you. The hound barely misses you.
The hound bites you but does no damage. The hound bites you.
* * * LOW HITPOINT WARNING * * *
The hound barely misses you.
There is a stone staircase leading up here.
The hound pauses to sniff the ground.
The hound closely misses you. The hound bites you.
You die...

................#.##.#
......)...........##.#
..#....#####...#.##.#
......#..####...#.##.#
..................##.#
..................##.#
.#................##.#
#....#.......#h..##.#
...?##...#####.@.##.#
#.?# #...# #...##.#
.#.. #...# #...##.#
.#..###?..###.#..###.#
.........>.......# #.#
#..###...###.#..# #.#
##..###...# .#..###.##
#........##
#.........# .......#.#
.#..###..#


You could see a hound.

Vanquished Creatures
  3 adders
  3 dart slugs
  An orc (D:3)
  5 endoplasms
  4 giant cockroaches
  8 hobgoblins
  3 quokkas
  4 ball pythons
  4 bats
  5 frilled lizards
  7 goblins
  6 kobolds
  10 rats
63 creatures vanquished.

Vanquished Creatures (others)
  187 foxfires
187 creatures vanquished.

Grand Total: 250 creatures vanquished

Notes
Turn   | Place    | Note
-------+----------+-------------------------------------------
     0 | D:1      | CuBeRJAN3 the Deep Elf Fire Elementalist began the quest
                  | for the Orb.
     0 | D:1      | Reached XP level 1. HP: 10/10 MP: 6/6
    98 | D:1      | Found a faded altar of an unknown god.
   106 | D:1      | Got Plato's Handbook of Orientation
   304 | D:1      | Reached XP level 2. HP: 16/16 MP: 0/8
  1392 | D:2      | Reached XP level 3. HP: 20/20 MP: 8/10
  1440 | D:2      | Found a stormy altar of Qazlal.
  1610 | D:2      | Learned a level 3 spell: Conjure Flame
  1666 | D:2      | Reached skill level 4 in Spellcasting
  1745 | D:2      | Learned a level 3 spell: Inner Flame
  2142 | D:2      | Reached skill level 1 in Fighting
  2274 | D:3      | Reached XP level 4. HP: 25/25 MP: 12/12
  2929 | D:3      | Found a transporter.
  2933 | D:3      | Noticed a small abomination
  3178 | D:3      | Found a transporter.
  3178 | D:3      | Found a one-way gate to the infinite horrors of the Abyss.
  3178 | D:3      | Noticed pzskc383's ghost (amateur GrFi)
  3365 | D:3      | Learned a level 4 spell: Sticky Flame
  3391 | D:4      | Noticed Dowan
  3392 | D:4      | Noticed Duvessa
  3900 | D:4      | Slain by a hound

Illustrated notes

Levels and vault maps discovered:
D:1:      minmay_arrival_split_and_join, layout_basic,
          shapermc_ecumenical_altar_rom_forum
D:2:      layout_rooms, basic_altar
D:3:      layout_loops_ring, gammafunk_ghost_abyssal_escape,
          kennysheep_flooded_box
D:4:      minmay_spotlight, layout_basic, chequers_serial_rivers_micro_c,
          uniq_grinder, uniq_duvessa, uniq_menkaure

Skill      XL: |  1  2  3 |
---------------+----------+-----
Spellcasting   | 4 |  4.5
Stealth        | 3 |  3.2
Fighting       | 1 |  1.1
Dodging        | |  2.4
Conjurations   | |  1.9
Fire Magic     | |  3.9

Action                   |  1- 3 |  4- 6 || total
-------------------------+-------+-------++-------
Melee: Dagger            |    14 |     4 ||    18
 Cast: Foxfire           |    95 |    34 ||   129
       Conjure Flame     |       |     1 ||     1
  Use: Scroll            |       |     2 ||     2
 Stab: Sleeping          |     1 |     3 ||     4
Armor: Robe              |     4 |     5 ||     9
Dodge: Dodged            |    24 |    12 ||    36
